Map: Blueshift LE

Players

VXI

  • Race: Terran Terran
  • League: Diamond
  • Spawn Location: 7:00

A.I. 1 (Very Easy) - Winner!

  • Race: Zerg Zerg
  • Spawn Location: 1:00

VOD

Have the link to the VOD?

Description

Time

  • Played on: Dec. 11, 2018, 10:53 a.m.
  • Length: 5:19
Show
View Real Time Build Order
Export as new Build Order

VXI Terran 

Build Orders: Gas First Reaper Expand 

Get SALT Encoding   

  12  0:00  SCV  
  13  0:12  SCV  
  14  0:16  Supply Depot  
  14  0:25  SCV  
  15  0:29  Refinery  
  15  0:38  SCV  
  16  0:45  Barracks  
  16  0:50  SCV  
  17  1:02  SCV  
  18  1:14  SCV  
  19  1:31  Orbital Command  
  19  1:32  Reaper  
  20  1:44  Command Center  
  20  1:55  Factory  
  20  1:59  SCV  
  21  2:07  Barracks Reactor  
  21  2:11  SCV  
  22  2:17  Supply Depot  
  22  2:18  Refinery  
  22  2:23  SCV  
  23  2:39  SCV  
  23  2:43  Marine  
  23  2:44  Marine, Starport  
  25  2:48  Factory Tech Lab  
  25  2:51  SCV  
  27  2:57  Orbital Command  
  27  3:01  Marine x2  
  27  3:03  SCV  
  30  3:14  Cyclone  
  30  3:15  SCV  
  34  3:23  SCV  
  34  3:24  Marine x2  
  34  3:26  Medivac  
  39  3:32  Supply Depot  
  39  3:34  SCV  
  39  3:35  SCV  
  41  3:41  Marine  
  41  3:42  Marine  
  41  3:46  SCV  
  41  3:47  SCV  
  45  3:54  Cyclone  
  48  3:58  Supply Depot  
  48  4:11  Barracks Tech Lab  
  48  4:12  Starport Reactor  
  48  4:14  Barracks x2  
  48  4:16  Engineering Bay  
  48  4:18  Refinery  
  48  4:20  SCV  
  48  4:21  SCV  
  50  4:28  Siege Tank  
  53  4:32  SCV  
  53  4:33  SCV  
  55  4:44  SCV  
  55  4:45  SCV  
  57  4:47  Marine  
  58  4:56  Starport Reactor  
  58  4:57  Barracks  
  58  4:59  Barracks  
  58  5:04  SCV x2  
  62  5:16  Supply Depot  
Show
View Real Time Build Order
Export as new Build Order

A.I. 1 (Very Easy) Zerg - Winner!

Build Orders: Hatch First 

Get SALT Encoding   

  12  0:00  Drone  
  13  0:12  Overlord  
  13  0:16  Drone  
  14  0:42  Hatchery  
  13  0:44  Drone  
  14  1:02  Spawning Pool  
  14  1:04  Extractor  
  12  1:05  Drone  
  13  1:13  Drone  
  14  1:19  Overlord  
  14  1:49  Zergling x2  
  14  1:51  Zergling x2  
  14  1:52  Queen  
  18  1:55  Roach Warren  
  18  2:01  Drone  
  18  2:05  Extractor  
  17  2:10  Drone  
  17  2:15  Zergling x2  
  19  2:20  Drone  
  20  2:27  Drone  
  21  2:34  Drone  
  22  2:41  Drone  
  23  2:48  Drone  
  24  2:55  Drone  
  24  2:57  Lair  
  25  3:26  Drone  
  26  3:33  Drone  
  27  3:40  Drone, Overlord  
  28  3:47  Drone  
  29  3:55  Drone  
  30  3:59  Spire  
  30  4:01  Overseer  
  30  4:02  Drone  
  30  4:07  Overseer  
  30  4:09  Drone  
  31  4:16  Drone  
  32  4:23  Drone  
  33  4:24  Overlord  
  33  4:30  Drone  
  34  4:38  Drone  
  35  4:45  Drone, Extractor  
  35  4:52  Drone  
  36  4:57  Extractor  
  36  4:59  Drone  
  36  5:06  Drone  
Tags
 
Add a new tag
Caveats
  • Supply blocks, unpowered buildings, or Contaminate may cause inaccurate times.
  • Supply counts are checked every 10 seconds.